tsadok, lawful male human Samurai ------ #.....| ------- `##|*...| --.....-- -------- ----------- # #.....| |.......| |..`...| |.(........#### |....| |.......| |<*....| |....*....|# |.....# |.......| |......| |.........|# ------# |........# |......| |.........|# # -------|-# ----.--- ------|----# # ## # # ###### # # # ### ######################## #I######## # # # # # -|--|-------- # ### ###### # # |<..........+ #------- ---.--- ----.------# ## |..-|-----..| #-.^...| #......| |.....(...-# # |..|# |*.| ##|.....-#######|^....| |.........| ##)..-|-----..| #|..>..| |.....| |.......... |...........| ------- |.....| ----------- ------------- ------- tsadok the Ninja Experience level: 8 Strength: 18 Dexterity: 14 Constitution: 18 Intelligence: 8 Wisdom: 8 Charisma: 7 Health: 0(72) Energy: 30(30) Def: 12 Gold: 0 Moves: 4335 Dungeon seed: 0ZUJQQzB8N3PVY2k Game ID: tsadok_1433705408 Your Inventory: Weapons a - an uncursed +0 katana (weapon in hand) c - an uncursed +1 yumi d - 42 uncursed +0 ya (in quiver) q - an uncursed +0 katana t - 8 blessed +6 elven arrows u - 17 uncursed +0 shuriken Z - an uncursed +2 wakizashi (alternate weapon; not wielded) Armor r - a blessed greased +2 silver dragon scale mail (being worn) N - an uncursed +0 orcish helm (being worn) Comestibles j - an uncursed cream pie x - 5 uncursed gunyoki D - an uncursed lizard corpse E - an uncursed carrot I - 2 uncursed melons K - an uncursed lichen corpse S - 2 uncursed tins of brown mold T - 4 uncursed tripe rations U - an uncursed egg Rings s - an uncursed ring of stealth G - an uncursed ring of polymorph control P - an uncursed ring of slow digestion Q - an uncursed ring of searching Y - an uncursed ring of invisibility Wands f - an uncursed wand of magic missile (0:7) C - an uncursed wand of light (0:10) X - an uncursed wand of create monster (0:13) Tools b - an uncursed bag of holding h - an uncursed +0 unicorn horn k - an uncursed osaku z - an uncursed blindfold L - an uncursed magic lamp R - an uncursed sack Gems e - an uncursed worthless piece of black glass n - an uncursed worthless piece of orange glass v - an uncursed worthless piece of violet glass Contents of the bag of holding: 5964 gold pieces an uncursed +0 T-shirt an uncursed scroll of amnesia an uncursed scroll of confuse monster 3 uncursed scrolls of destroy armor a blessed scroll of earth an uncursed scroll of earth a cursed scroll of enchant weapon an uncursed scroll of magic mapping an uncursed scroll of teleportation an uncursed spellbook of finger of death an uncursed potion of confusion an uncursed potion of levitation an uncursed potion of object detection an uncursed potion of water an uncursed wand of undead turning (0:2) an uncursed mirror an uncursed tallow candle (0:200) an uncursed towel an uncursed wax candle (0:400) Contents of the sack: an uncursed potion of gain ability a blessed potion of invisibility a blessed potion of monster detection an uncursed potion of sleeping a blessed wand of light (0:14) an uncursed wand of polymorph (0:5) an uncursed wand of wishing (2:0) Spells known in the end: Name Level Category Fail Memory Your skills at the end: Fighting Skills martial arts [Basic] Weapon Skills short sword [Basic] long sword [Basic] bow [Basic] Spellcasting Skills Final Attributes: You had sinned. You were poison resistant. You had woundedlegs. You were telepathic. You were fast. You had reflection. You are dead. Vanquished creatures: a giant mimic a chameleon 3 wolves 12 leprechauns an ice vortex a lizard a housecat a water nymph a gray unicorn a bugbear a rock mole a fog cloud a gnome lord a gnomish wizard 3 black naga hatchlings a golden naga hatchling 2 gray oozes an elf zombie a straw golem a baby crocodile 3 giant ants 3 little dogs a floating eye 3 kittens 2 homunculi a kobold shaman 10 hill orcs a rothe a centipede 3 giant bats an orc zombie 3 dwarf zombies a werejackal an iguana 4 coyotes a gas spore a hobbit 2 hobgoblins a giant rat a cave spider a yellow mold a green mold a red mold 3 gnomes 2 gnome zombies 2 geckos 2 jackals a kobold 2 goblins 2 sewer rats 6 grid bugs 3 lichens a kobold zombie 4 newts 111 creatures vanquished. Voluntary challenges: You used a wielded weapon 198 times, starting on turn 4. You read items or engraved 9 times, starting on turn 1423. You never genocided any monsters. You never polymorphed an object. You changed form 1 time, starting on turn 1298. You completed Sokoban on turn 3630, according to the rules. You used 1 wish, starting on turn 1785. You did not wish for any artifacts. You never split a pudding. You wrote Elbereth's name 1 time, starting on turn 4202. You violated your moral code, losing 16 points of alignment, starting on turn 811. Dungeon overview: The Dungeons of Doom: levels 1 to 11 Level 1 a long staircase Level 2 some fountains, a sink Level 3 a fountain Level 4 Level 5 Level 6 a fountain Level 7 a sink Level 8 an altar to Susanowo Level 9 many fountains Level 10 <- You were here stairs to Sokoban Level 11 a sink Sokoban: levels 6 to 9 Level 6 Level 7 Level 8 Level 9 stairs to The Dungeons of Doom History has recorded: On T:1 you entered the Dungeons of Doom to retrieve the Amulet of Yendor! On T:26 you reached level 2 of The Dungeons of Doom. On T:122 you reached level 3 of The Dungeons of Doom. On T:241 you reached level 4 of The Dungeons of Doom. On T:446 you reached level 5 of The Dungeons of Doom. On T:568 you reached level 6 of The Dungeons of Doom. On T:585 you reached level 7 of The Dungeons of Doom. On T:702 you advanced to experience level 2. On T:761 you advanced to experience level 3. On T:790 you reached level 8 of The Dungeons of Doom. On T:811 you advanced to experience level 4. On T:1030 you reached level 9 of The Dungeons of Doom. On T:1122 you reached level 10 of The Dungeons of Doom. On T:1307 you advanced to experience level 5. On T:1336 you reached level 11 of The Dungeons of Doom. On T:1383 you reached level 4 of Sokoban. On T:1743 you reached level 3 of Sokoban. On T:1785 you wished for "blessed greased fixed +2 silver dragon scale mail". On T:2269 you reached level 2 of Sokoban. On T:2601 you advanced to experience level 6. On T:2654 you reached level 1 of Sokoban. On T:3371 you advanced to experience level 7. On T:3630 you entered the Sokoban zoo. On T:4134 you advanced to experience level 8. Score breakdown: Gold: 5964 (12843 points) Experience: 8 levels (14739 points) Exploration: 11 levels ( 23.91%) (14142 points) Discoveries: 8 items ( 3.24%) ( 5399 points) Valuables value: (no points given unless you survive) Artifact value: 0 ( 0 points) Variety of kills: 54 monsters ( 14.25%) (11323 points) Time penalty: 4335 turns (-1143 points) Survival: died (score multiplied by 80%) Total score: 45842 Latest messages: You faint from lack of food. Something hits! (2x) Something stings! Something hits! (2x) Something misses. Something hits! (2x) Something stings! Something hits! (2x) Something stings! You die... Final status: Sayonara tsadok the Samurai, killed by a scorpion, while fainted from lack of food... You died in The Dungeons of Doom on dungeon level 10 with 45842 points, and 5964 pieces of gold, after 4335 moves. You were level 8 with a maximum of 72 hit points when you died.